[Event "Titled Tuesday Blitz August 16 Early 2022"]
[White "Eynullayev, Atilla"]
[Black "Zherebtsova, Alexandra"]
[WhiteFideId "13413570"]
[BlackFideId "24129518"]
[WhiteElo "1936"]
[BlackElo "2025"]
[Result "1-0"]
[Round "09"]
[TimeControl "180+2"]
[Date "2022.08.18"]
[WhiteClock "0:00:00"]
[BlackClock "0:00:00"]

1. e4 e5 2. Nf3 Nc6 3. Bc4 Nf6 4. d3 h6 5. O-O d6 6. c3 g6 7. Qb3 Qe7 8. a4 a6 9. a5 Bg7 10. Nbd2 O-O 11. Re1 Rb8 12. Nf1 Bd7 13. Ne3 Na7 14. d4 Nb5 15. dxe5 dxe5 16. Qc2 c6 17. b3 Rfe8 18. Nd2 Nh5 19. Ndf1 Nf4 20. Ng3 Qg5 21. Nef1 h5 22. Nd2 h4 23. Nf3 Qf6 24. Bxf4 exf4 25. e5 Qe7 26. Ne4 Bf5 27. Qe2 h3 28. Neg5 hxg2 29. Bxf7+ Kf8 30. e6 Nxc3 31. Nh7# 1-0


[Site "https://www.chess.com"]

[Event "Titled Tuesday Blitz August 16 Early 2022"]
[White "Ferriz Barrios, Andres"]
[Black "Aukhatov, Roman"]
[WhiteFideId "5104467"]
[BlackFideId "44150768"]
[WhiteElo "2102"]
[BlackElo "2112"]
[Result "0-1"]
[Round "09"]
[TimeControl "180+2"]
[Date "2022.08.18"]
[WhiteClock "0:00:00"]
[BlackClock "0:00:00"]

1. d4 Nf6 2. Nf3 d5 3. e3 c5 4. c3 Nbd7 5. Nbd2 g6 6. Bd3 Bg7 7. O-O O-O 8. e4 dxe4 9. Nxe4 cxd4 10. cxd4 b6 11. Bg5 Bb7 12. Qe2 Re8 13. Rac1 Nxe4 14. Bxe4 Bxe4 15. Qxe4 Nf6 16. Qh4 Nd5 17. a3 Rc8 18. Rfe1 Rxc1 19. Rxc1 Qd7 20. h3 e6 21. Be3 Rc8 22. Qe4 Rxc1+ 23. Bxc1 Qc7 24. Bd2 Qd7 25. Ne5 Qa4 26. Be3 Qd1+ 27. Kh2 Qe2 28. b4 h6 29. Qf3 Qxf3 30. Nxf3 b5 31. Nd2 Nb6 32. Nb3 Nc4 33. Bc1 Bf8 34. Kg1 Bd6 35. Na5 h5 36. Nxc4 bxc4 37. Kf1 Kf8 38. Ke2 Ke7 39. Ke3 e5 40. Ke4 Ke6 41. Bb2 f5+ 42. Ke3 e4 43. f3 Kd5 44. fxe4+ fxe4 45. Bc3 Be7 46. g4 Bg5+ 47. Ke2 Bc1 48. a4 hxg4 49. hxg4 Bg5 50. Bd2 Bxd2 51. Kxd2 Kxd4 52. b5 c3+ 53. Kc2 Kc4 54. b6 axb6 55. a5 bxa5 56. g5 a4 0-1


[Site "https://www.chess.com"]

[Event "Titled Tuesday Blitz August 16 Early 2022"]
[White "Fier, Alexandr"]
[Black "Janaszak, Dawid"]
[WhiteFideId "2107139"]
[BlackFideId "1119206"]
[WhiteElo "2598"]
[BlackElo "2165"]
[Result "0-1"]
[Round "09"]
[TimeControl "180+1"]
[Date "2022.08.16"]
[WhiteClock "0:01:48"]
[BlackClock "0:00:47"]

1. d4 Nf6 2. Bg5 d5 3. Bxf6 gxf6 4. c4 dxc4 5. e3 c5 6. Bxc4 cxd4 7. Nc3 Nc6 8. Qh5 e6 9. Rd1 Qa5 10. Qxa5 Nxa5 11. Bb5+ Nc6 12. Rxd4 Rg8 13. Nge2 Bd7 14. Rh4 O-O-O 15. O-O Ne5 16. Bxd7+ Rxd7 17. Ng3 h6 18. Nce4 Be7 19. Rxh6 f5 20. Nc3 Rd2 21. Rh7 Rxb2 22. f4 Ng4 23. Rxf7 Bc5 24. Nd1 Rxa2 25. Re1 Rd8 26. Nf1 Ra1 27. h3 Rdxd1 28. Rxd1 Rxd1 29. hxg4 Bxe3+ 30. Kh2 Rxf1 0-1


[Site "https://www.chess.com"]

[Event "Titled Tuesday Blitz August 16 Early 2022"]
[White "Filippova, Margarita"]
[Black "Petrova, Irina"]
[WhiteFideId "34199680"]
[BlackFideId "14124122"]
[WhiteElo "1734"]
[BlackElo "2021"]
[Result "1/2-1/2"]
[Round "09"]
[TimeControl "180+2"]
[Date "2022.08.18"]
[WhiteClock "0:00:00"]
[BlackClock "0:00:00"]

1. Nf3 d5 2. d4 Nf6 3. c4 c6 4. Nc3 e6 5. Bg5 dxc4 6. a4 h6 7. Bh4 Bb4 8. Nd2 Qxd4 9. Bxf6 Qxf6 10. Qc2 O-O 11. e3 Nd7 12. Bxc4 Nb6 13. Be2 Nd5 14. Nce4 Qg6 15. Bd3 f5 16. Ng3 e5 17. O-O Be6 18. Nc4 e4 19. Be2 Rad8 20. a5 Bd6 21. Nxd6 Rxd6 22. a6 b6 23. Rac1 Rfd8 24. Qa4 c5 25. Rfd1 Nb4 26. Rxd6 Rxd6 27. Rd1 Rxd1+ 28. Qxd1 Qf7 29. Qd8+ Kh7 30. Bh5 Qd7 31. Qxd7 Bxd7 32. Be2 Nd3 33. b3 Kg6 34. f3 Bb5 35. fxe4 fxe4 36. Nxe4 Bxa6 37. Nd6 Nb4 38. Bxa6 Nxa6 39. Nc8 Nc7 40. Nxa7 b5 41. Nc8 c4 42. bxc4 bxc4 43. Kf1 Kf5 44. Ke2 Ke5 45. Kd2 Nd5 46. Na7 c3+ 47. Kd3 c2 48. Kxc2 Nxe3+ 49. Kd3 Nxg2 50. Ke2 Nf4+ 51. Kf2 g5 52. Nc6+ Kf5 53. Ne7+ Kg4 54. Ng8 h5 55. Nh6+ Kh4 56. Kf3 Kh3 57. Nf7 g4+ 58. Kxf4 Kxh2 59. Ne5 g3 60. Nf3+ Kg2 61. Nh4+ Kf2 62. Kg5 g2 63. Nxg2 Kxg2 64. Kxh5 1/2-1/2


[Site "https://www.chess.com"]

[Event "Titled Tuesday Blitz August 16 Early 2022"]
[White "Grandelius, Nils"]
[Black "Shuvalova, Polina"]
[WhiteFideId "1710400"]
[BlackFideId "24171760"]
[WhiteElo "2617"]
[BlackElo "2330"]
[Result "1-0"]
[Round "09"]
[TimeControl "180+1"]
[Date "2022.08.16"]
[WhiteClock "0:00:30"]
[BlackClock "0:00:30"]

1. Nf3 Nf6 2. g3 d5 3. Bg2 e6 4. O-O Be7 5. c4 O-O 6. b3 b6 7. cxd5 Nxd5 8. e4 Nf6 9. Nc3 Bb7 10. Re1 c5 11. d4 cxd4 12. Nxd4 Nc6 13. e5 Nd5 14. Nxd5 exd5 15. Nf5 Bb4 16. Qg4 g6 17. Nh6+ Kh8 18. Bg5 Be7 19. h4 Bc8 20. Qf4 Be6 21. Rad1 Rc8 22. Bxd5 Bxd5 23. Rxd5 Bxg5 24. hxg5 Qe7 25. Rd7 Qe6 26. Rxf7 Rxf7 27. Nxf7+ Kg7 28. Nd6 Rf8 29. Qf6+ Qxf6 30. exf6+ Kg8 31. f4 Rd8 32. f7+ Kg7 33. Re8 1-0


[Site "https://www.chess.com"]

[Event "Titled Tuesday Blitz August 16 Early 2022"]
[White "Guz, Ari"]
[Black "Bykhovsky, Anatoly"]
[WhiteFideId "2825759"]
[BlackFideId "2806991"]
[WhiteElo "1913"]
[BlackElo "2540"]
[Result "0-1"]
[Round "09"]
[TimeControl "180+1"]
[Date "2022.08.16"]
[WhiteClock "0:00:08"]
[BlackClock "0:00:09"]

1. e4 c5 2. Nf3 e6 3. c3 Nf6 4. e5 Nd5 5. d4 cxd4 6. cxd4 d6 7. Bc4 Bd7 8. O-O Bc6 9. Qe2 Nd7 10. a3 Rc8 11. b4 a6 12. Bb2 N7b6 13. Bxd5 Nxd5 14. Re1 Be7 15. Nbd2 Bb5 16. Qd1 O-O 17. Ne4 dxe5 18. dxe5 Nf4 19. Nd6 Bxd6 20. exd6 Nd3 21. Qd2 Nxb2 22. Qxb2 Qxd6 23. Rad1 Qb6 24. Rd4 f6 25. h4 e5 26. Rg4 Bd7 27. Rg3 Bf5 28. h5 Rc2 29. Qb3+ Qe6 30. Qe3 Qf7 31. Nh4 Qxh5 32. Nxf5 Qxf5 33. Qb6 Qd7 34. Qe3 Rfc8 35. Kh2 R2c4 36. Qb3 Qf7 37. Qf3 Rf4 38. Qe3 Rd4 39. Qf3 Rh4+ 40. Kg1 Rf4 41. Qe3 Qd7 42. Qb3+ Qf7 43. Qe3 Rd4 44. Qf3 Rcd8 45. Kh2 Qe7 46. Qb3+ Kh8 47. Qf3 Qd6 48. Qxb7 Rg8 49. Qf7 Rh4+ 50. Kg1 Qd2 51. Rge3 Rf4 52. R3e2 Qc3 53. Re3 Qb2 54. R1e2 Qa1+ 55. Re1 Qb2 56. R1e2 Qd4 57. Rh3 Rc8 58. Kh2 Rxf2 59. Qe6 Qf4+ 60. Rg3 Rg8 61. Rxf2 Qxf2 62. Qxa6 Qf4 63. Qd3 e4 64. Qe2 f5 65. Kh3 Qh6+ 0-1


[Site "https://www.chess.com"]

[Event "Titled Tuesday Blitz August 16 Early 2022"]
[White "Hansen, Eric"]
[Black "Andreikin, Dmitry"]
[WhiteFideId "2606771"]
[BlackFideId "4158814"]
[WhiteElo "2568"]
[BlackElo "2736"]
[Result "1-0"]
[Round "09"]
[TimeControl "180+1"]
[Date "2022.08.16"]
[WhiteClock "0:01:05"]
[BlackClock "0:00:09"]

1. e4 c5 2. Nf3 e6 3. d4 cxd4 4. Nxd4 Nc6 5. Nc3 a6 6. Nxc6 bxc6 7. Bd3 d5 8. O-O Nf6 9. Re1 Bb7 10. Qf3 Be7 11. Qg3 O-O 12. Bd2 d4 13. Na4 c5 14. b3 Nd7 15. e5 g6 16. Rad1 Qc7 17. h4 Kh8 18. Bh6 Rg8 19. c3 Qd8 20. cxd4 cxd4 21. Qf4 Bxh4 22. Qxf7 Qe7 23. Qxe7 Bxe7 24. Bc4 Bb4 25. Re2 Nc5 26. Nxc5 Bxc5 27. Bxe6 Rge8 28. Bd7 Re7 29. e6 a5 30. Bg5 Kg7 31. Rc2 Ba3 32. Rxd4 Rf8 33. Rc7 Ba6 34. Bxe7 Bxe7 35. Ba4 Kf6 36. Rf4+ Ke5 37. Rxf8 1-0


[Site "https://www.chess.com"]

[Event "Titled Tuesday Blitz August 16 Early 2022"]
[White "Harsh Suresh"]
[Black "Omelja, Artem"]
[WhiteFideId "45018464"]
[BlackFideId "14119846"]
[WhiteElo "2070"]
[BlackElo "2382"]
[Result "1/2-1/2"]
[Round "09"]
[TimeControl "180+2"]
[Date "2022.08.18"]
[WhiteClock "0:00:00"]
[BlackClock "0:00:00"]

1. e4 c5 2. Nc3 Nc6 3. Bb5 Nd4 4. Bc4 e6 5. Nf3 Ne7 6. O-O Nec6 7. d3 Qc7 8. Nxd4 Nxd4 9. a4 b6 10. Nb5 Nxb5 11. axb5 Bb7 12. Qg4 g6 13. Bf4 d6 14. Ra2 Bg7 15. Rfa1 Bc8 16. Qg3 e5 17. Be3 O-O 18. Bd5 Be6 19. Bxa8 Bxa2 20. Rxa2 Rxa8 21. Qf3 Rf8 22. c4 h6 23. h4 Kh7 24. h5 Qd7 25. hxg6+ fxg6 26. Qh3 Qxh3 27. gxh3 Rf7 28. Kg2 g5 29. Kg3 Kg6 30. Ra1 Bf8 31. h4 gxh4+ 32. Kxh4 Be7+ 33. Kg3 Bg5 34. Bxg5 Kxg5 35. Rh1 h5 36. f3 Rh7 37. Rg1 Rf7 38. Rh1 1/2-1/2


[Site "https://www.chess.com"]

[Event "Titled Tuesday Blitz August 16 Early 2022"]
[White "Harshavardhan G B"]
[Black "Ezat, Mohamed"]
[WhiteFideId "25059009"]
[BlackFideId "10600906"]
[WhiteElo "1890"]
[BlackElo "2386"]
[Result "1-0"]
[Round "09"]
[TimeControl "180+1"]
[Date "2022.08.16"]
[WhiteClock "0:00:11"]
[BlackClock "0:00:03"]

1. d4 Nf6 2. c4 g6 3. h4 Bg7 4. Nc3 O-O 5. e4 d6 6. Be2 c5 7. d5 b5 8. cxb5 a6 9. a4 Qa5 10. Bd2 axb5 11. Bxb5 Ba6 12. Ra3 Nbd7 13. Nge2 Ne5 14. O-O Nc4 15. Rb3 Rfb8 16. Be1 Bxb5 17. axb5 Qc7 18. Qc2 Qd7 19. Ng3 Qg4 20. Qd3 Ne5 21. Qe2 Qxh4 22. f3 Nfg4 23. fxg4 Nxg4 24. Rf4 Bd4+ 25. Bf2 Ra1+ 26. Nd1 Qh2+ 27. Kf1 Nxf2 28. Rxf2 h5 29. Ke1 Bxf2+ 30. Qxf2 c4 31. Rb4 c3 32. bxc3 Rba8 33. Rb2 R8a4 34. b6 Ra8 35. b7 Rb8 36. c4 1-0


[Site "https://www.chess.com"]

[Event "Titled Tuesday Blitz August 16 Early 2022"]
[White "Hess, Robert"]
[Black "Lazavik, Denis"]
[WhiteFideId "2022036"]
[BlackFideId "13515110"]
[WhiteElo "2557"]
[BlackElo "2437"]
[Result "1-0"]
[Round "09"]
[TimeControl "180+1"]
[Date "2022.08.16"]
[WhiteClock "0:00:23"]
[BlackClock "0:00:11"]

1. e4 c5 2. Nf3 e6 3. d4 cxd4 4. Nxd4 Nc6 5. Nc3 Qc7 6. Be3 a6 7. Qf3 Ne5 8. Qg3 b5 9. O-O-O Nf6 10. f4 Nc4 11. Bxc4 Qxc4 12. e5 Nd5 13. Nxd5 Qxd5 14. Nf5 Qc6 15. Nd6+ Ke7 16. f5 f6 17. Rhf1 b4 18. fxe6 dxe6 19. exf6+ gxf6 20. Rxf6 Bd7 21. Bg5 Kd8 22. Rxf8+ Kc7 23. Ne8+ Kb6 24. Rxh8 Rc8 25. Rd6 1-0


[Site "https://www.chess.com"]

[Event "Titled Tuesday Blitz August 16 Early 2022"]
[White "Horak, Martin"]
[Black "Goltseva, Ekaterina"]
[WhiteFideId "367095"]
[BlackFideId "24173770"]
[WhiteElo "1997"]
[BlackElo "2086"]
[Result "0-1"]
[Round "09"]
[TimeControl "180+2"]
[Date "2022.08.18"]
[WhiteClock "0:00:00"]
[BlackClock "0:00:00"]

1. d4 d5 2. c4 dxc4 3. Nf3 a6 4. a4 Nc6 5. e3 Na5 6. Nbd2 Be6 7. Be2 b5 8. O-O Nf6 9. Ne5 Bd5 10. f3 Bb7 11. Qc2 e6 12. Ne4 Nb3 13. Ra2 Nxd4 14. exd4 Qxd4+ 15. Kh1 Qxe5 16. Nxf6+ Qxf6 17. b3 cxb3 18. Qxb3 Bd5 19. Bxb5+ axb5 20. Qxb5+ c6 21. Qb7 Rd8 22. a5 Bc5 23. a6 O-O 24. Ra5 Qc3 25. Bd2 Qxd2 26. Rxc5 Rb8 27. Qd7 Qe2 28. Ra1 Qxa6 0-1


[Site "https://www.chess.com"]

[Event "Titled Tuesday Blitz August 16 Early 2022"]
[White "Ianov, Viktor"]
[Black "Taboas Rodriguez, Daniel"]
[WhiteFideId "14102730"]
[BlackFideId "2208466"]
[WhiteElo "2152"]
[BlackElo "2429"]
[Result "1/2-1/2"]
[Round "09"]
[TimeControl "180+2"]
[Date "2022.08.18"]
[WhiteClock "0:00:00"]
[BlackClock "0:00:00"]

1. Nf3 Nf6 2. g3 b6 3. Bg2 Bb7 4. c4 g6 5. O-O Bg7 6. Nc3 O-O 7. d3 c5 8. Bf4 Nc6 9. Re1 d5 10. Qc1 d4 11. Nb5 a6 12. Na3 Re8 13. e3 Qd7 14. exd4 Nxd4 15. Nxd4 cxd4 16. Bxb7 Qxb7 17. Be5 Ng4 18. Bxg7 Kxg7 19. Qf4 h5 20. Qxd4+ e5 21. Qe4 Qd7 22. Rad1 Rad8 23. Nc2 f5 24. Qe2 Qb7 25. Ne3 Nf6 26. b4 h4 27. Qf1 Rh8 28. Qg2 Qd7 29. c5 b5 30. a4 bxa4 31. Nc4 e4 32. Nd6 h3 33. Qf1 Qc6 34. dxe4 Nxe4 35. Nxe4 Rxd1 36. Rxd1 Qxe4 37. f3 Qe3+ 38. Qf2 Qxf2+ 39. Kxf2 Rb8 40. Rd7+ Kf6 41. Rd6+ Ke5 42. Rxa6 Rxb4 43. c6 Rb2+ 44. Ke3 Rxh2 45. Kd3 Rh1 46. Rxa4 Rc1 47. Rh4 Rxc6 48. Rxh3 g5 49. Rh8 Rd6+ 50. Ke3 f4+ 51. gxf4+ gxf4+ 52. Ke2 Ra6 53. Re8+ Kf5 54. Rf8+ Ke5 55. Re8+ Kf5 56. Rf8+ Ke5 57. Re8+ 1/2-1/2


[Site "https://www.chess.com"]

[Event "Titled Tuesday Blitz August 16 Early 2022"]
[White "Jiganchine, Roman"]
[Black "Floresvillar Gonzalez, Luis Migu"]
[WhiteFideId "2603667"]
[BlackFideId "5100542"]
[WhiteElo "2205"]
[BlackElo "2040"]
[Result "1-0"]
[Round "09"]
[TimeControl "180+2"]
[Date "2022.08.18"]
[WhiteClock "0:00:00"]
[BlackClock "0:00:00"]

1. Nf3 d5 2. e3 Bg4 3. c4 c6 4. Nc3 e6 5. b3 Be7 6. Bb2 Bf6 7. d4 Ne7 8. Be2 Nd7 9. O-O O-O 10. Rc1 h5 11. h3 Bf5 12. Re1 g5 13. Nh2 Bg6 14. Bxh5 Kg7 15. Bf3 Rh8 16. e4 dxe4 17. Nxe4 Nf5 18. Ng4 Nh4 19. Nexf6 Nxf6 20. d5 Nxf3+ 21. Qxf3 Qa5 22. Qxf6+ Kh7 23. Qg7# 1-0


[Site "https://www.chess.com"]

[Event "Titled Tuesday Blitz August 16 Early 2022"]
[White "Johnson, Ben"]
[Black "Martin, Lewis"]
[WhiteFideId "2010917"]
[BlackFideId "410551"]
[WhiteElo "2050"]
[BlackElo "2145"]
[Result "0-1"]
[Round "09"]
[TimeControl "180+2"]
[Date "2022.08.18"]
[WhiteClock "0:00:00"]
[BlackClock "0:00:00"]

1. Nf3 Nf6 2. c4 c6 3. Nc3 d5 4. e3 e6 5. b3 Nbd7 6. Bb2 Be7 7. Qc2 O-O 8. Rg1 b6 9. g4 Bb7 10. g5 Nh5 11. Be2 g6 12. h4 c5 13. cxd5 exd5 14. d4 f6 15. gxf6 Bxf6 16. Ne5 Ng7 17. Nxg6 hxg6 18. Qxg6 Qe8 19. Qh6 cxd4 20. Nb5 Ne5 21. Bxd4 Qe7 22. f4 Nd7 23. Bd3 Bxd4 24. Qh7+ Kf7 25. Bg6+ Kf6 26. Nxd4 Qxe3+ 27. Ne2 Rh8 28. Qxg7+ Kxg7 29. Bf5+ Kf6 30. Bxd7 Ba6 0-1


[Site "https://www.chess.com"]

[Event "Titled Tuesday Blitz August 16 Early 2022"]
[White "Kamsky, Gata"]
[Black "Vakhlamov, Igor L."]
[WhiteFideId "2000024"]
[BlackFideId "24126748"]
[WhiteElo "2666"]
[BlackElo "2401"]
[Result "1-0"]
[Round "09"]
[TimeControl "180+1"]
[Date "2022.08.16"]
[WhiteClock "0:00:31"]
[BlackClock "0:00:23"]

1. d4 d5 2. Bf4 Nf6 3. e3 Bf5 4. c4 e6 5. Nc3 Bb4 6. Ne2 O-O 7. a3 Bd6 8. Bg5 dxc4 9. e4 Bg4 10. e5 h6 11. Bxf6 gxf6 12. exd6 cxd6 13. f3 Bf5 14. Ng3 d5 15. Nxf5 exf5 16. Be2 Nc6 17. Qd2 Qd6 18. f4 Rfe8 19. O-O Na5 20. Rad1 Nb3 21. Qc2 Rad8 22. Bf3 Qxf4 23. Bxd5 Nxd4 24. Qf2 Qxf2+ 25. Rxf2 Ne6 26. Rxf5 Kg7 27. Bxc4 Rxd1+ 28. Nxd1 Nd4 29. Rf1 b5 30. Bd3 a6 31. Nc3 Re3 32. Rd1 Ne6 33. Kf2 Re5 34. Be2 Rc5 35. Rd6 a5 36. Bxb5 Rf5+ 37. Ke1 Re5+ 38. Be2 Nf4 39. g3 Ng6 40. Kf2 Re7 41. Rd5 Rb7 42. Rb5 Rc7 43. Rxa5 Ne5 44. Rd5 Rb7 45. Bb5 Rc7 46. a4 Ng4+ 47. Ke2 Re7+ 48. Kd2 Nxh2 49. Be2 f5 50. Rxf5 Rd7+ 51. Rd5 Kg6 52. Rxd7 1-0


[Site "https://www.chess.com"]

[Event "Titled Tuesday Blitz August 16 Early 2022"]
[White "Khabinets, Ivan"]
[Black "Ajay Krishna, S"]
[WhiteFideId "14115980"]
[BlackFideId "5096430"]
[WhiteElo "2114"]
[BlackElo "2247"]
[Result "1-0"]
[Round "09"]
[TimeControl "180+2"]
[Date "2022.08.18"]
[WhiteClock "0:00:00"]
[BlackClock "0:00:00"]

1. e4 c6 2. d4 d5 3. e5 Bf5 4. Nf3 e6 5. Be2 c5 6. O-O Nc6 7. c3 Bg4 8. dxc5 Bxc5 9. Bf4 Nge7 10. Nbd2 Ng6 11. Bg3 Bb6 12. h3 Bxf3 13. Nxf3 Bc7 14. Qa4 O-O 15. c4 d4 16. Bd3 Ngxe5 17. Nxe5 Bxe5 18. f4 Bf6 19. a3 a5 20. Qb5 Qd7 21. b4 Rfd8 22. Bf2 axb4 23. axb4 Rab8 24. Rae1 Qd6 25. c5 Qxf4 26. Re4 Qd2 27. Be1 Qh6 28. Qc4 Ne5 29. Qc2 Nxd3 30. Qxd3 Bg5 31. Bg3 f5 32. Re5 Be3+ 33. Kh2 f4 34. Be1 Rf8 35. Qe4 Rbe8 36. Qxb7 f3 37. Rxf3 Bf4+ 38. Rxf4 Qxf4+ 39. Bg3 Qf7 40. Qe4 Rd8 41. Rxe6 d3 42. Re7 d2 43. Rxf7 Rxf7 44. c6 d1=Q 45. b5 Rf1 46. Qe6+ Kh8 47. Be5 Rh1+ 48. Kg3 Qd3+ 49. Kh4 Qe4+ 50. g4 Qe1+ 51. Kg5 h6+ 52. Kg6 Qe4+ 53. Kf7 Rf1+ 54. Ke7 Qd5 55. Qxh6+ 1-0


[Site "https://www.chess.com"]

[Event "Titled Tuesday Blitz August 16 Early 2022"]
[White "Kohler, Aran"]
[Black "Mirimanian, Hayk"]
[WhiteFideId "1002856"]
[BlackFideId "4700180"]
[WhiteElo "2060"]
[BlackElo "2280"]
[Result "0-1"]
[Round "09"]
[TimeControl "180+2"]
[Date "2022.08.18"]
[WhiteClock "0:00:00"]
[BlackClock "0:00:00"]

1. Nf3 d5 2. d4 Nf6 3. c3 g6 4. Bg5 Bg7 5. Nbd2 O-O 6. e3 Nbd7 7. Bd3 b6 8. h4 Bb7 9. h5 Ne4 10. hxg6 fxg6 11. Bh6 e5 12. Bxe4 dxe4 13. Qb3+ Rf7 14. Ng5 Qf6 15. Nxf7 Qxf7 16. Bxg7 Qxb3 17. axb3 Kxg7 18. O-O-O exd4 19. exd4 Nf6 20. Nf1 Ng4 21. Rd2 Rf8 22. Ne3 Nxf2 23. Rf1 Nd3+ 24. Kc2 Re8 25. g4 a5 26. g5 Ba6 27. c4 Nb4+ 28. Kb1 Bc8 29. Rdf2 Be6 30. d5 Bg8 31. Rf6 Re5 32. d6 cxd6 33. Rxd6 Rxg5 34. Rxb6 Nd3 35. Rb7+ Kh6 36. Rh1+ Rh5 37. Rxh5+ Kxh5 38. Rb5+ Kh4 39. Rxa5 Kg3 40. Ra8 Be6 41. Re8 Nf4 42. c5 Kf3 43. Nd1 e3 44. Nc3 e2 45. Nxe2 Kxe2 46. c6 Kf3 47. c7 Bf5+ 48. Ka2 g5 49. c8=Q Bxc8 50. Rxc8 g4 51. b4 g3 52. Rc3+ Kg4 53. Rc1 Ne2 54. Re1 g2 55. b5 Nd4 56. b6 Kf3 57. b7 Nc6 58. Rc1 Nb8 59. Kb3 h5 60. Kc4 h4 61. Kc5 h3 62. Kb6 h2 63. Ka7 g1=Q+ 64. Rxg1 hxg1=Q+ 65. Kxb8 Qb6 66. Ka8 Qa5+ 67. Kb8 Ke4 68. Kc8 Qa6 69. Kc7 Qa5+ 70. Kc8 Qc5+ 71. Kd7 Qb6 72. Kc8 Qc6+ 73. Kb8 Kd5 74. Ka7 Qa4+ 75. Kb8 Kc6 76. Kc8 Qa6 77. b4 Qxb7+ 78. Kd8 Qd7# 0-1


[Site "https://www.chess.com"]

[Event "Titled Tuesday Blitz August 16 Early 2022"]
[White "Korelskiy, Egor"]
[Black "Agasarov, Benik"]
[WhiteFideId "34329064"]
[BlackFideId "13314823"]
[WhiteElo "2077"]
[BlackElo "2152"]
[Result "0-1"]
[Round "09"]
[TimeControl "180+2"]
[Date "2022.08.18"]
[WhiteClock "0:00:00"]
[BlackClock "0:00:00"]

1. e4 c6 2. Nc3 d5 3. Nf3 Bg4 4. h3 Bxf3 5. Qxf3 e6 6. d3 Nd7 7. Bd2 Bb4 8. O-O-O d4 9. Ne2 Bxd2+ 10. Rxd2 c5 11. Rd1 Qa5 12. Kb1 Ne7 13. g4 Nc6 14. Qg3 Qb6 15. Bg2 a5 16. Qd6 a4 17. f4 a3 18. b3 Qa5 19. e5 Ra6 20. f5 Na7 21. fxe6 Rxd6 22. exf7+ Kxf7 23. exd6 Nb5 24. Rhf1+ Ke8 25. Rde1 Kd8 26. Ka1 Re8 27. Bf3 Nc3 28. Nf4 Rxe1+ 29. Rxe1 Ne4 30. b4 Qxb4 31. Ne6+ Kc8 0-1


[Site "https://www.chess.com"]

[Event "Titled Tuesday Blitz August 16 Early 2022"]
[White "Kosteniuk, Alexandra"]
[Black "Ziatdinov, Raset"]
[WhiteFideId "4128125"]
[BlackFideId "2015323"]
[WhiteElo "2469"]
[BlackElo "2220"]
[Result "1-0"]
[Round "09"]
[TimeControl "180+2"]
[Date "2022.08.18"]
[WhiteClock "0:00:00"]
[BlackClock "0:00:00"]

1. e4 e6 2. d4 d5 3. Nc3 Nf6 4. Bg5 Be7 5. e5 Nfd7 6. h4 a6 7. Qg4 O-O 8. Nf3 f5 9. exf6 Nxf6 10. Bxf6 Bxf6 11. Qg3 c5 12. Bd3 cxd4 13. Ne2 Nc6 14. Ng5 h6 15. Bh7+ Kh8 16. Nf4 Bxg5 17. hxg5 Kxh7 18. gxh6 g5 19. Nh3 Rg8 20. Qd3+ Rg6 21. f4 gxf4 22. Nxf4 Qg5 23. Nxg6 Qe3+ 24. Qxe3 dxe3 25. Nf8+ Kh8 26. h7 Ne5 27. Rh5 1-0


[Site "https://www.chess.com"]

[Event "Titled Tuesday Blitz August 16 Early 2022"]
[White "Kuchava, Ana"]
[Black "Ansh M Shah"]
[WhiteFideId "13605348"]
[BlackFideId "25033379"]
[WhiteElo "1955"]
[BlackElo "1819"]
[Result "1-0"]
[Round "09"]
[TimeControl "180+2"]
[Date "2022.08.18"]
[WhiteClock "0:00:00"]
[BlackClock "0:00:00"]

1. d4 Nf6 2. c4 e6 3. Nf3 d5 4. Nc3 Be7 5. Bf4 O-O 6. e3 c6 7. Bd3 dxc4 8. Bxc4 b5 9. Bd3 Bb7 10. O-O Nbd7 11. Rc1 a6 12. Ne4 Nxe4 13. Bxe4 Rc8 14. Ne5 Nxe5 15. Bxe5 Qd7 16. Qh5 g6 17. Qh6 f6 18. Bxg6 Bd8 19. Bd6 Bc7 20. Bxf8 Rxf8 21. Be4 Rf7 22. Qh3 Rg7 23. Qf3 Qd6 24. g3 h5 25. Bxc6 Bc8 26. Be8 h4 27. Qc6 hxg3 28. Qxd6 gxh2+ 29. Kh1 Bb7+ 30. Qc6 Bxc6+ 31. Rxc6 Kf8 32. Bh5 e5 33. dxe5 Bxe5 34. Rc8+ Ke7 35. Rfc1 Ke6 36. Re8+ Kd7 37. Rec8 Rg5 38. f4 Rg1+ 39. Rxg1 hxg1=Q+ 40. Kxg1 Kxc8 41. fxe5 fxe5 42. Kf2 Kc7 43. Kf3 Kd6 44. Ke4 b4 45. Be2 a5 46. Bc4 Kc5 47. b3 Kd6 48. Kf5 Kc5 49. e4 Kd6 50. Kf6 Kc5 51. Kxe5 a4 52. Kf5 axb3 53. axb3 Kd4 54. e5 Kc3 55. e6 Kb2 56. e7 Ka3 57. e8=Q Kb2 58. Qe2+ Ka3 59. Qe1 Kb2 60. Qd2+ Ka3 61. Qc1+ Ka2 62. Qd2+ Ka3 63. Qd6 Kb2 64. Qxb4 Ka1 65. Qc3+ Ka2 66. b4+ Kb1 67. Bd3+ Ka2 68. Qc2+ Ka3 69. Qb1 Ka4 70. b5 Ka5 71. b6 Ka4 72. b7 Ka5 73. b8=Q Ka4 74. Qa8# 1-0


[Site "https://www.chess.com"]

[Event "Titled Tuesday Blitz August 16 Early 2022"]
[White "Kuznetsova, Olga"]
[Black "Tasev, Dejan"]
[WhiteFideId "4191323"]
[BlackFideId "936618"]
[WhiteElo "2134"]
[BlackElo "2253"]
[Result "1-0"]
[Round "09"]
[TimeControl "180+2"]
[Date "2022.08.18"]
[WhiteClock "0:00:00"]
[BlackClock "0:00:00"]

1. d4 Nf6 2. g3 e6 3. Bg2 d5 4. Nf3 Be7 5. O-O O-O 6. b3 b6 7. Bb2 Bb7 8. Nbd2 Nbd7 9. Ne5 Nxe5 10. dxe5 Nd7 11. c4 c6 12. e4 d4 13. Bxd4 Nc5 14. Bxc5 Bxc5 15. Qc2 Qc7 16. Nf3 Rfd8 17. Rad1 a5 18. Rxd8+ Rxd8 19. Rd1 Rd7 20. Rd3 Qd8 21. Bf1 h6 22. Rxd7 Qxd7 23. Qd3 Qxd3 24. Bxd3 Bb4 25. Kg2 c5 26. Ng1 Bc3 27. f4 f6 28. exf6 gxf6 29. Ne2 Bd2 30. Kf2 Kf7 31. Ng1 Bc3 32. Nf3 Ke7 33. Ke3 Bc6 34. g4 Kd6 35. h4 Be8 36. h5 Bb2 37. Kd2 e5 38. g5 fxg5 39. fxg5 Bxh5 40. gxh6 Bg6 41. Ng5 Ba3 42. h7 Bxh7 43. Nxh7 Bb4+ 44. Ke2 Bc3 45. Ng5 Bd4 46. Nf3 Bc3 47. Nh4 Ke6 48. Nf5 Kf6 49. Nd6 Kg5 50. Nc8 Kf4 51. Nxb6 Kg5 52. Nd7 Bd4 53. a3 Kg6 54. Kf3 Kf7 55. Kg4 Ke6 56. Nb6 Kd6 57. Kf5 Kc6 58. Nd5 a4 59. bxa4 Kd6 60. a5 Kc6 61. a6 1-0


[Site "https://www.chess.com"]

[Event "Titled Tuesday Blitz August 16 Early 2022"]
[White "Lagno, Kateryna"]
[Black "Martinez Alcantara, Jose Eduardo"]
[WhiteFideId "14109336"]
[BlackFideId "3805662"]
[WhiteElo "2522"]
[BlackElo "2703"]
[Result "0-1"]
[Round "09"]
[TimeControl "180+1"]
[Date "2022.08.16"]
[WhiteClock "0:01:03"]
[BlackClock "0:02:12"]

1. e4 c5 2. Nf3 d6 3. d4 cxd4 4. Nxd4 Nf6 5. Nc3 Nc6 6. Bg5 e6 7. Bb5 Bd7 8. Qd3 Be7 9. O-O-O Nxd4 10. Bxd7+ Qxd7 11. Qxd4 Qc6 12. Bxf6 gxf6 13. Rd3 a6 14. Kb1 Rc8 15. Rg3 Qc5 16. Qd2 h5 17. h4 f5 18. exf5 Qxf5 19. Rf3 Qg6 20. Rg3 Qf5 21. Rf3 Qg4 22. Rg3 Qc4 23. Re1 d5 24. Rge3 d4 0-1


[Site "https://www.chess.com"]

[Event "Titled Tuesday Blitz August 16 Early 2022"]
[White "Lauridsen, Jesper Morch"]
[Black "Proudian, Armen"]
[WhiteFideId "1401890"]
[BlackFideId "2130734"]
[WhiteElo "2221"]
[BlackElo "2380"]
[Result "0-1"]
[Round "09"]
[TimeControl "180+2"]
[Date "2022.08.18"]
[WhiteClock "0:00:00"]
[BlackClock "0:00:00"]

1. e4 e5 2. Nf3 Nc6 3. d4 exd4 4. Bc4 Nf6 5. O-O Nxe4 6. Re1 d5 7. Nc3 dxc4 8. Rxe4+ Be6 9. Nxd4 Nxd4 10. Rxd4 Qf6 11. Nb5 Rc8 12. Bf4 Bc5 13. Bxc7 O-O 14. Rf4 Qxb2 15. Rb1 Qxa2 16. Be5 Rfd8 17. Qe1 Qxc2 18. Nc7 Bd5 19. Nxd5 Rxd5 20. Ba1 b5 21. Rc1 Qd2 22. Qf1 Re8 23. Rf3 Re2 24. h4 Rxf2 0-1


[Site "https://www.chess.com"]